 Dungeon Crawl Stone Soup version 0.25-a0-547-g27a0b5d1ef (webtiles) character file.

Game seed: 9167580656073344040, levelgen mode: classic

111 EnegeticOcto the Shield-Bearer (level 4, -1/42 HPs)
             Began as a Deep Dwarf Fighter on Feb 21, 2020.
             Slain by a wyvern (7 damage)
             ... on level 4 of the Dungeon.
             The game lasted 00:00:20 (317 turns).

EnegeticOcto the Shield-Bearer (Deep Dwarf Fighter)  Turns: 317, Time: 00:00:21

Health: -1/42      AC:  8    Str: 21    XL:     4   Next: 62%
Magic:  3/3        EV:  8    Int:  8    God:
Gold:   60         SH:  9    Dex: 12    Spells: 3/3 levels left

rFire    . . .     SeeInvis .   a - +0 war axe
rCold    . . .     Gourm    .   c - +0 kite shield
rNeg     . . .     Faith    .   b - +0 scale mail
rPois    .         Spirit   .   (no helmet)
rElec    .         Reflect  .   h - +0 cloak
rCorr    .         Harm     .   (no gloves)
MR       .....                  (no boots)
Stlth    ..........             (no amulet)
HPRegen  0.00/turn              (no ring)
MPRegen  0.08/turn              (no ring)

@: non-regenerating
A: damage resistance, heal wounds, sense surroundings 1, no regeneration
a: Heal Wounds


You were on level 4 of the Dungeon.
You were not hungry.

You visited 1 branch of the dungeon, and saw 4 of its levels.

You collected 60 gold pieces.

Inventory:

Hand Weapons
 a - a +0 war axe (weapon)
Armour
 b - a +0 scale mail (worn)
 c - a +0 kite shield (worn)
 h - a +0 cloak (worn)
Scrolls
 d - a scroll of teleportation {unknown}
Potions
 f - a potion of degeneration {unknown}
 g - a potion of curing {unknown}
 i - a potion of brilliance {unknown}
 k - a potion of might {@q3}
Comestibles
 e - 2 rations


   Skills:
 * Level 3.5 Fighting
 * Level 3.4 Axes
 + Level 3.7 Armour
 + Level 1.5 Dodging
 + Level 3.7 Shields


You had 3 spell levels left.
You didn't know any spells.
Your spell library was empty.

Dungeon Overview and Level Annotations

Branches:
Dungeon (4/15)
 Temple: D:4-7

Altars:


Innate Abilities, Weirdness & Mutations

You are resistant to damage.
You can heal yourself by infusing magical energy.
You passively map a small area around you.
You do not regenerate.


Message History

The orc wizard is almost dead.
The orc wizard hits you but does no damage.
The orc wizard miscasts a cantrip.
You closely miss the orc wizard.
The orc wizard is almost dead.
The orc wizard gestures at you while chanting.
The puff of flame hits you but does no damage.
The orc wizard hits you but does no damage.
The orc wizard looks braver for a moment.
You slash the orc wizard!
You kill the orc wizard!
You have reached level 4!
You feel stronger.
The orc priest looks braver for a moment.
The orc hits you with a +0 club.
You hit the orc.
The orc is moderately wounded.
The orc priest casts a cantrip, but nothing happens.
You block the orc's attack.
The orc priest looks encouraged for a moment.
You hit the orc but do no damage.
The orc is moderately wounded.
The orc barely misses you.
The orc priest invokes the aid of Beogh against you.
Beogh smites you!
You slash the orc!
You kill the orc!
The orc priest completely misses you.
You barely miss the orc priest.
The orc priest begins to cast a cantrip, but forgets the words!
You block the orc priest's attack.
You barely miss the orc priest.
The orc priest hits you with a +0 hand axe.
You hit the orc priest.
The orc priest is moderately wounded.
The orc priest hits you but does no damage.
A wyvern comes into view.
You block the orc priest's attack.
The wyvern hisses angrily.
You hit the orc priest.
The orc priest is heavily wounded.
The orc priest hits you with a +0 hand axe.
You slash the orc priest!
You kill the orc priest!
The wyvern bites you!
* * * LOW HITPOINT WARNING * * *
The orc barely misses you.
You are too injured to fight recklessly!
You are too injured to fight recklessly!
Your magical essence is drained by the effort!
You feel much better. You block the wyvern's attack.
The orc hits you but does no damage.
You hit the wyvern but do no damage.
Your shield prevents you from hitting the orc.
You block the wyvern's attack. The wyvern misses you.
The orc hits you but does no damage. The wyvern barely misses you.
You hit the wyvern.
The wyvern is moderately wounded.
You hit the orc. The wyvern bites you! The orc hits you with a cursed +0 club.
You block the wyvern's attack.
You hit the orc.
The orc is almost dead.
You hit the wyvern. You block the wyvern's attack.
The orc hits you with a cursed +0 club.
The wyvern bites you but does no damage.
You hit the orc.
You kill the orc!
You closely miss the wyvern. You block the wyvern's attack.
The orc priest looks satisfied for a moment.
The wyvern bites you.
You hit the wyvern but do no damage.
The wyvern is moderately wounded.
Your shield and scale mail prevent you from hitting the orc priest.
You block the wyvern's attack.
The orc priest begins to cast a cantrip, but forgets the words!
The wyvern closely misses you.
You hit the wyvern but do no damage.
The wyvern is moderately wounded.
You hit the orc priest but do no damage.
The wyvern bites you but does no damage.
The orc priest hits you but does no damage.
You block the wyvern's attack. You block the orc priest's attack.
You hit the wyvern.
The wyvern is heavily wounded.
You slash the orc priest!
The wyvern bites you but does no damage.
The wyvern bites you!
The orc priest hits you with a +0 flail.
You hit the wyvern.
The wyvern is severely wounded.
You hit the orc priest but do no damage.
The wyvern bites you. The wyvern barely misses you.
The orc priest hits you but does no damage.
You barely miss the wyvern.
The wyvern is severely wounded.
You hit the orc priest. The wyvern barely misses you. The wyvern bites you!
* * * LOW HITPOINT WARNING * * *
The orc priest looks satisfied for a moment.
You fail to use your ability.
The wyvern bites you!
You die...

#. #..#......# #.# *
* #.*#.....###.# #.#
, ####.##.##.## #.#
#.# * * ,
........##.# #.# #.#
, ...........####.#
* * *##.............
###......[....
.########....:......
#.....o@l...........
, * ,
.....####..#.....#..
### , #$......#### *
*#.......# ,, ,,
........# * *
###..####* ..# ..# *


You could see a wyvern and an orc priest.

Vanquished Creatures
  An orc priest (D:4)
  An orc wizard (D:4)
  A bullfrog skeleton (D:3)
  A hound skeleton (D:4)
  A worm (D:2)
  2 orcs (D:4)
  4 bats
  A giant cockroach (D:3)
  A hobgoblin (D:3)
  2 frilled lizards
  A kobold (D:2)
16 creatures vanquished.

Notes
Turn   | Place    | Note
-------+----------+-------------------------------------------
     0 | D:1      | EnegeticOcto the Deep Dwarf Fighter began the quest for the
                  | Orb.
     0 | D:1      | Reached XP level 1. HP: 20/20 MP: 1/1
   171 | D:2      | Reached XP level 2. HP: 25/27 MP: 2/2
   225 | D:3      | Reached skill level 1 in Dodging
   225 | D:3      | Reached XP level 3. HP: 25/34 MP: 3/3
   298 | D:4      | Reached XP level 4. HP: 32/42 MP: 4/4
   304 | D:4      | Noticed a wyvern
   317 | D:4      | Slain by a wyvern

Levels and vault maps discovered:
D:1:      dpeg_arrival_short_road, layout_basic, minmay_cupped
D:2:      layout_loops_ring
D:3:      layout_basic, st_stairs_3
D:4:      layout_loops_ring, first_ration

Skill      XL: |  1  2  3 |
---------------+----------+-----
Fighting       | 3 |  3.5
Dodging        | 1 |  1.5
Axes           | 3 |  3.4
Armour         | |  3.7
Shields        | |  3.7

Action                   |  1- 3 |  4- 6 || total
-------------------------+-------+-------++-------
Melee: War axe           |    62 |    17 ||    79
 Abil: Heal Wounds       |       |     1 ||     1
Armor: Scale mail        |    35 |     8 ||    43
Dodge: Dodged            |    22 |     8 ||    30
Block: Kite shield       |    44 |    11 ||    55

Table legend:
 A = Non-vault XP
 B = Vault XP
 C = Vault XP percentage of total XP
 D = Non-vault monster count
 E = Vault monster count
 F = Vault count percentage of total count
                 A         B        C        D         E       F
            +---------+---------+-------+---------+---------+-------
      Total |     154 |       5 |   3.1 |      13 |       3 |  18.8
            +---------+---------+-------+---------+---------+-------
        D:1 |       3 |       1 |  25.0 |       2 |       1 |  33.3
        D:2 |       8 |       0 |   0.0 |       4 |       0 |   0.0
        D:3 |      37 |       4 |   9.8 |       1 |       2 |  66.7
        D:4 |     106 |       0 |   0.0 |       6 |       0 |   0.0
            +---------+---------+-------+---------+---------+-------
